 Dungeon Crawl Stone Soup version 0.29.1-12-g30fa7ad0bf (webtiles) character file.

Game seed: 8547171659386634771

114 fatweenor the Trooper (level 4, 0/45 HPs)
             Began as a Minotaur Fighter on Dec 18, 2022.
             Slain by an orc wizard
             ... wielding a +1 dagger of electrocution
              (4 damage)
             ... on level 2 of the Dungeon.
             The game lasted 00:01:22 (703 turns).

fatweenor the Trooper (Minotaur Fighter)             Turns: 703, Time: 00:01:23

Health: 0/45       AC:  7    Str: 20    XL:     4   Next: 66%
Magic:  3/3        EV:  9    Int:  5    God:
Gold:   90         SH:  4    Dex: 12    Spells: 3/3 levels left

rFire   . . .      SeeInvis .   a - +0 war axe
rCold   . . .      Faith    .   c - +0 buckler
rNeg    . . .      Spirit   .   b - +0 scale mail
rPois   .          Reflect  .   (helmet restricted)
rElec   .          Harm     .   (no cloak)
rCorr   .          Rampage  .   (no gloves)
Will    .....                   (no boots)
Stlth   ..........              (no amulet)
HPRegen 0.15/turn               (no ring)
MPRegen 0.08/turn               (no ring)

@: no status effects
A: horns 2, retaliatory headbutt
a: no special abilities


You were on level 2 of the Dungeon.
You visited 1 branch of the dungeon, and saw 2 of its levels.

You collected 90 gold pieces.

Inventory:

Hand Weapons
 a - a +0 war axe (weapon)
Missiles
 o - 2 throwing nets (quivered)
Armour
 b - a +0 scale mail (worn)
 c - a +0 buckler (worn)
 i - an orb of light
Jewellery
 g - a ring of protection from fire
 h - a +6 ring of intelligence
Scrolls
 e - a scroll of immolation {unknown}
 j - 2 scrolls of enchant weapon {unknown}
 l - a scroll of poison {unknown}
 m - a scroll of silence {unknown}
Potions
 d - a potion of might
 f - a potion of flight {unknown}
 k - 2 potions of brilliance {unknown}
 n - a potion of cancellation {unknown}


   Skills:
 * Level 6.5 Fighting
 - Level 2.5 Axes
 - Level 3.7 Armour
 - Level 3.7 Shields


You had 3 spell levels left.
You didn't know any spells.
Your spell library was empty.

Dungeon Overview and Level Annotations

Branches:
Dungeon (2/15)

Altars:
Yredelemnul


Innate Abilities, Weirdness & Mutations

You have a pair of horns on your head.
You reflexively headbutt those who attack you in melee.


Message History

The kobold throws a stone.
The stone hits you but does no damage. You block something's attack.
You closely miss something.
You hear some strange, mumbled words.
Something tries to affect you, but you resist.
You hear some strange, mumbled words.
A puff of flame appears from out of thin air!
The puff of flame hits you!
You barely miss something. You headbutt something.
Reactivating autopickup.
You feel a bit more experienced.
The kobold throws a stone.
The stone completely misses you. You block the kobold's attack.
Items here: ) [ ††.
You slash the kobold!
You kill the kobold!
Deactivating autopickup; reactivate with Ctrl-A.
You miss something. Something hits you but does no damage.
Something completely misses you.
You slash something! Something hits you but does no damage.
You hit something but do no damage. Something hits you.
You are electrocuted!!
* * * LOW HITPOINT WARNING * * *
Something hits you.
* * * LOW HITPOINT WARNING * * *
You closely miss something. Something hits you.
* * * LOW HITPOINT WARNING * * *
You miss something. Your headbutt misses something.
You hear some strange, mumbled words.
Something tries to affect you, but you resist.
You miss something.
An orc wizard appears from thin air!
Reactivating autopickup.
The orc wizard hits you but does no damage. x2
You hit the orc wizard but do no damage.
The orc wizard is heavily wounded.
The orc wizard hits you but does no damage.
You hit the orc wizard but do no damage.
You headbutt the orc wizard.
The orc wizard is severely wounded.
The orc wizard hits you with a +1 dagger of electrocution.
You die...

...>....># .........#
.... .........# <..
.##...>..# ...
....)....# #. ..
###......###...##.# #
#..........# #g. #
#........## #o# #
#......#..####@#
#####)###..))..# ###.#
#####.†# #...##### #..#
#####.####..###..######
.....)................#
##.###########........#
#..# #........# ..##
#........#


You could see an orc wizard and a goblin.

Vanquished Creatures
  An orc wizard (D:2)
  Natasha (twice) (D:2)
  A worm (D:2)
  A dart slug (D:2)
  An orc (D:2)
  7 ball pythons
  2 endoplasms
  3 giant cockroaches
  2 goblins (D:2)
  3 hobgoblins
  A quokka (D:2)
  2 bats
  2 frilled lizards (D:1)
  2 kobolds (D:2)
  3 rats
33 creatures vanquished.

Notes
Turn   | Place    | Note
-------+----------+-------------------------------------------
     0 | D:1      | fatweenor the Minotaur Fighter began the quest for the Orb.
     0 | D:1      | Reached XP level 1. HP: 19/19 MP: 0/0
   215 | D:1      | Reached skill level 4 in Fighting
   269 | D:1      | Reached XP level 2. HP: 27/27 MP: 1/1
   415 | D:2      | Noticed Natasha
   424 | D:2      | Killed Natasha
   425 | D:2      | Reached skill level 5 in Fighting
   425 | D:2      | Reached XP level 3. HP: 27/36 MP: 2/2
   522 | D:2      | Found a basalt altar of Yredelemnul.
   584 | D:2      | Found a faded altar of an unknown god.
   656 | D:2      | Noticed Natasha
   662 | D:2      | Killed Natasha
   663 | D:2      | Reached skill level 6 in Fighting
   663 | D:2      | Reached XP level 4. HP: 38/44 MP: 3/3
   703 | D:2      | Slain by an orc wizard

Illustrated notes

Levels and vault maps discovered:
D:1:      doesnt_arrival_eight_statues, layout_rooms, serial_bayou_crossing
D:2:      layout_rooms, basic_altar, shapermc_ecumenical_altar_venn,
          uniq_natasha

Skill      XL: |  1  2  3 |
---------------+----------+-----
Fighting       | 4 5 6 |  6.5
Axes           | |  2.5
Armour         | |  3.7
Shields        | |  3.7

Action                   |  1- 3 |  4- 6 || total
-------------------------+-------+-------++-------
Melee: War axe           |    49 |    30 ||    79
       Headbutt          |     3 |     4 ||     7
Armor: Scale mail        |    29 |    22 ||    51
Dodge: Dodged            |    22 |    10 ||    32
Block: Buckler           |     7 |     6 ||    13
